 Dungeon Crawl Stone Soup version 0.17-a0-2073-gde5cdba (webtiles) character file.

11773 pk666 the Cleaver (level 11, -19/162 HPs)
             Began as a Minotaur Berserker on Oct 15, 2015.
             Was a High Priest of Trog.
             Demolished by a boulder beetle (32 damage)
             ... on level 2 of the Lair of Beasts.
             The game lasted 00:26:04 (11114 turns).

pk666 the Cleaver (Minotaur Berserker)             Turns: 11114, Time: 00:26:04

Health: -19/162    AC: 12    Str: 28    XL:     11   Next: 53%
Magic:  19/19      EV: 11    Int:  8    God:    Trog [*****.]
Gold:   677        SH:  0    Dex: 18    Spells: 0 memorised, 10 levels left

rFire  . . .     SeeInvis .     u - +0 war axe
rCold  . . .     Clarity  .     v - +0 scale mail of Pleasant Breezes {MP+9 Int+4 Dex+6} (curse)
rNeg   . . .     SustAt   .     (no shield)
rPois  .         Gourm    .     (helmet restricted)
rElec  .         Spirit   .     Q - +1 cloak
rCorr  .         Warding  .     (no gloves)
rMut   .         Stasis   .     z - +0 pair of boots
MR     .....                    (no amulet)
Stlth  ..........               (no ring)
                                (no ring)

@: berserking (expiring), very quick, not resistant to hostile enchantments,
extremely unstealthy
A: retaliatory headbutt, horns 2
a: Burn Spellbooks, Berserk, Trog's Hand, Brothers in Arms, Renounce Religion


You were on level 2 of the Lair of Beasts.
You worshipped Trog.
Trog was extremely pleased with you.
You were hungry.

You visited 3 branches of the dungeon, and saw 12 of its levels.
You also visited: Sewer.

You collected 677 gold pieces.

Inventory:

Hand Weapons
 a - a +0 hand axe
 u - a +0 war axe (weapon)
Armour
 m - a +1 ring mail of poison resistance
 v - the cursed +0 scale mail of Pleasant Breezes (worn) {MP+9 Int+4 Dex+6}
   (You found it on level 5 of the Dungeon)

   It affects your intelligence (+4).
   It affects your dexterity (+6).
   It affects your magic capacity (+9).
   It has a curse placed upon it.
 z - a +0 pair of boots (worn)
 Q - a +1 cloak (worn)
Jewellery
 o - an uncursed ring of protection from fire {unknown}
 x - the ring "Jorutos" {rElec rPois Dex-2 SInv Stlth+}
   (You found it on level 5 of the Dungeon)

   [ring of poison resistance]

   It affects your dexterity (-2).
   It insulates you from electricity.
   It protects you from poison.
   It lets you see invisible.
   It makes you more stealthy.
 O - the amulet of the Equinox {Stasis rC+, unknown}
   (You found it on level 9 of the Dungeon)

   [amulet of stasis]

   It prevents you from being teleported, slowed, hasted or paralysed.
   It protects you from cold.
Wands
 i - a wand of magic darts (23)
 B - a wand of slowing (38)
 D - a wand of flame (22)
 E - a wand of cold (0)
 G - a wand of flame (25)
 I - a wand of slowing (25)
 L - a wand of slowing (10)
 P - a wand of frost (29)
Scrolls
 e - 9 scrolls of identify
 g - 2 scrolls of enchant armour
 l - a scroll of recharging {unknown}
 n - 3 scrolls of teleportation
 s - 2 scrolls of immolation {unknown}
 w - a scroll of magic mapping
 y - a scroll of random uselessness {unknown}
 F - a scroll of remove curse
 J - a scroll of fog {unknown}
 M - a scroll of blinking {unknown}
Potions
 b - 3 potions of flight
 f - 2 potions of haste {unknown}
 j - 4 potions of might {unknown}
 k - 12 potions of curing
 q - a potion of magic {unknown}
 r - 3 potions of brilliance {unknown}
 t - a potion of resistance {unknown}
 A - a potion of berserk rage {unknown}
 C - a potion of lignification {unknown}
 H - 3 potions of degeneration {unknown}
 K - a potion of cure mutation {unknown}
 N - a potion of poison {unknown}
Books
 d - a book of Hinderance

   Spells                             Type                      Level
   a - Confusing Touch                Hexes                        2
   b - Confuse                        Hexes                        3
   c - Gell's Gravitas                Hexes/Translocation          3
   d - Petrify                        Transmutation/Earth          4
   e - Metabolic Englaciation         Hexes/Ice                    5
   Trog disapproves of the use of such an item.
Comestibles
 c - 11 bread rations
 h - 7 meat rations
 p - a slice of pizza


   Skills:
 * Level 13.7 Fighting
 * Level 14.0 Axes
 + Level 10.2 Armour
 - Level 2.1 Dodging


You had 10 spell levels left.
You didn't know any spells.

Dungeon Overview and Level Annotations

Branches:
Dungeon (9/15)             Temple (1/1) D:5            Lair (2/8) D:9
    Orc (0/4) D:9

Altars:
Ashenzari
Cheibriados
Dithmenos
Elyvilon
Fedhas
Gozag
Kikubaaqudgha
Makhleb
Nemelex Xobeh
Ru
Sif Muna
Trog
Vehumet
Yredelemnul
Zin
The Shining One


Innate Abilities, Weirdness & Mutations

You reflexively headbutt those who attack you in melee.
You have a pair of horns on your head.


Message History

The boulder beetle is moderately wounded.
The boulder beetle completely misses you.
You hit the boulder beetle.
You headbutt the boulder beetle, but do no damage.
The boulder beetle is moderately wounded.
You hit the boulder beetle. You headbutt the boulder beetle.
The boulder beetle is heavily wounded.
You hit the boulder beetle.
The boulder beetle is heavily wounded.
The boulder beetle bites you but does no damage.
You slash the boulder beetle!
You headbutt the boulder beetle, but do no damage.
The boulder beetle is heavily wounded.
You hit the boulder beetle but do no damage.
The boulder beetle is heavily wounded.
You hit the boulder beetle but do no damage.
You headbutt the boulder beetle!
The boulder beetle is severely wounded.
The boulder beetle bites you!!
You die...

...........................
#..#...................>..
#...................##P#
#......P.P.##..P....####
#..††..#........#..#.#
##.....#...........###
#.....#........+..# #
##....B#...###.P#..#####
##.##..††..@[..........P#..#
........####.##.#####.......
........# ### # #........
###.....# #........
#.....######### ##..####.
##.....#.#.##.####...# #
#...................#
#...................#
#....................#


You could see a boulder beetle.

Vanquished Creatures
  A hydra (Lair:1)
  Pikel (D:9)
  A centaur zombie (D:9)
  A black mamba (Lair:1)
  Psyche (D:9)
  5 spiny frogs (Lair:1)
  A komodo dragon (Lair:1)
  7 blink frogs (Lair:1)
  2 wyverns
  A spriggan (D:9)
  3 yaks (Lair:1)
  A deep elf mage (D:9)
  2 hippogriffs
  4 water moccasins
  Duvessa (D:5)
  A slave (D:9)
  2 phantoms
  Purgy (Sewer)
  2 porcupines
  2 sky beasts
  A necrophage (D:7)
  4 ice beasts
  3 ogres
  A centaur (D:6)
  16 big kobolds
  5 giant frogs
  5 scorpions
  Dowan (D:5)
  3 killer bees (D:8)
  4 crimson imps
  2 giant frog zombies
  2 hounds (D:8)
  A quasit (D:9)
  3 iron imps (D:9)
  2 giant frog skeletons
  2 orc priests
  8 orc wizards
  4 worker ants
  An iguana (Lair:1)
  6 sheep (Lair:1)
  A hound zombie (D:7)
  A worker ant zombie (D:7)
  8 gnolls
  25 river rats
  A shadow imp (D:7)
  15 adders
  An ooze (D:4)
  An adder skeleton (D:4)
  2 worms (D:2)
  8 giant geckos
  18 orcs
  9 giant cockroaches
  9 goblins
  8 hobgoblins
  7 jackals
  3 quokkas
  2 ball pythons
  3 bats
  12 giant newts
  24 kobolds
  10 rats
  A fungus (Lair:1)
283 creatures vanquished.

Vanquished Creatures (others)
  A fungus (Lair:1)
1 creature vanquished.

Grand Total: 284 creatures vanquished

Notes
Turn   | Place    | Note
--------------------------------------------------------------
     0 | D:1      | pk666 the Minotaur Berserker began the quest for the Orb.
     0 | D:1      | Reached XP level 1. HP: 19/19 MP: 0/0
   155 | D:1      | Reached XP level 2. HP: 20/27 MP: 1/1
   284 | D:1      | Reached skill level 4 in Axes
   581 | D:2      | Found a blossoming altar of Fedhas.
   588 | D:2      | Found a sacrificial altar of Ru.
   627 | D:2      | Reached XP level 3. HP: 22/33 MP: 2/2
   649 | D:2      | Reached ** piety under Trog
  1351 | D:2      | Reached XP level 4. HP: 21/40 MP: 3/3
  1354 | D:2      | HP: 3/60 [gnoll/spear (8)]
  1778 | D:3      | Reached skill level 5 in Axes
  1798 | D:3      | Found an opulent altar of Gozag.
  1798 | D:3      | Found a sparkling altar of Nemelex Xobeh.
  2030 | D:3      | Reached XP level 5. HP: 47/47 MP: 4/4
  2165 | D:3      | Reached skill level 5 in Fighting
  2360 | D:3      | Reached *** piety under Trog
  2487 | D:4      | Found a basalt altar of Yredelemnul.
  2489 | D:4      | Reached XP level 6. HP: 56/56 MP: 5/5
  2528 | D:4      | Noticed an ogre
  2533 | D:4      | Killed an ogre
  2533 | D:4      | Reached skill level 6 in Axes
  2757 | D:4      | Reached XP level 7. HP: 55/64 MP: 6/6
  2795 | D:4      | Reached skill level 5 in Armour
  2818 | D:4      | Noticed an ogre
  2822 | D:4      | Killed an ogre
  2822 | D:4      | Reached skill level 7 in Axes
  2912 | D:4      | Noticed a phantom
  2936 | D:4      | Killed a phantom
  3237 | D:5      | Entered Level 5 of the Dungeon
  3289 | D:5      | Reached **** piety under Trog
  3292 | D:5      | Found a glowing drain.
  3327 | Sewer    | Entered a sewer
  3367 | Sewer    | Noticed Purgy
  3381 | Sewer    | Killed Purgy
  3652 | D:5      | Reached XP level 8. HP: 64/74 MP: 7/7
  3666 | D:5      | Received a gift from Trog
  3703 | D:5      | Got a heavily runed jade ring
  3704 | D:5      | Identified the ring "Jorutos" {rElec rPois Dex-2 SInv Stlth+} (You found it on level 5 of the Dungeon)
  3718 | D:5      | Reached skill level 8 in Axes
  3752 | D:5      | Noticed Dowan
  3762 | D:5      | Noticed Duvessa
  3764 | D:5      | Killed Dowan
  3771 | D:5      | Killed Duvessa
  3842 | D:5      | Got an ancient scale mail
  3853 | D:5      | Identified the cursed +0 scale mail of Pleasant Breezes {MP+9 Int+4 Dex+6} (You found it on level 5 of the Dungeon)
  3894 | D:5      | Found a staircase to the Ecumenical Temple.
  3910 | Temple   | Entered the Ecumenical Temple
  4515 | D:6      | Found a shadowy altar of Dithmenos.
  4592 | D:6      | Reached skill level 9 in Axes
  4622 | D:6      | Found a white marble altar of Elyvilon.
  4625 | D:6      | Found a glowing silver altar of Zin.
  4627 | D:6      | Found a glowing golden altar of the Shining One.
  5593 | D:7      | Reached XP level 9. HP: 82/82 MP: 8/8
  5848 | D:7      | Reached skill level 10 in Axes
  6229 | D:8      | Reached skill level 10 in Fighting
  6447 | D:8      | Reached ***** piety under Trog
  6466 | D:8      | Reached skill level 11 in Axes
  6484 | D:8      | Received a gift from Trog
  6575 | D:8      | Reached XP level 10. HP: 63/93 MP: 9/9
  7051 | D:9      | Found a staircase to the Lair.
  7081 | D:9      | Noticed Pikel
  7095 | D:9      | Killed Pikel
  7098 | D:9      | Reached skill level 12 in Axes
  7192 | D:9      | Found a staircase to the Orcish Mines.
  7680 | D:9      | Got a translucent golden amulet
  7726 | D:9      | Noticed Psyche
  7735 | D:9      | Killed Psyche
  7781 | D:9      | Found a burning altar of Makhleb.
  7827 | D:9      | Received a gift from Trog
  8042 | Lair:1   | Entered Level 1 of the Lair of Beasts
  8450 | Lair:1   | Reached skill level 13 in Axes
  8713 | Lair:1   | Noticed a six-headed hydra
  8721 | Lair:1   | Reached XP level 11. HP: 77/105 MP: 10/10
  8727 | Lair:1   | Killed a 13-headed hydra
  9647 | Lair:1   | Reached skill level 10 in Armour
  9944 | Lair:1   | Noticed a black mamba
  9950 | Lair:1   | Killed a black mamba
 10156 | Lair:1   | Received a gift from Trog
 11029 | Lair:2   | Reached skill level 14 in Axes
 11114 | Lair:2   | Demolished by a boulder beetle

Vault maps used:
D:1:      dpeg_arrival_tiny_a, minmay_hedge_maze
D:2:      amethyst_overflow_temple_binary, minmay_close_crescents
D:3:      grunt_temple_overflow_opulence
D:4:      yredelemnul_altar_generic
D:5:      nicolae_overflow_hidden_temple, minmay_temple_entry_poolview,
          first_bread, gup_sewer_entry_pipe, uniq_duvessa
D:6:      good_gods_mini_temple, grunt_dithmenos_smoke_and_mirrors
D:8:      special_room
D:9:      demons_altar, lair_0_dummy, orc_0_dummy, the_bakery,
          minmay_misc_feat_nine_boxes, uniq_pikel, uniq_psyche
Temple:   nicolae_temple_hex_pool
Sewer:    sewer_co_purgy_island

Action                   |  1- 3 |  4- 6 |  7- 9 | 10-12 || total
-------------------------+-------+-------+-------+-------++-------
Melee: Hand axe          |    78 |   101 |       |       ||   179
       War axe           |       |    14 |   285 |   294 ||   593
Invok: Berserk           |       |     2 |     4 |     3 ||     9
       Burn Spellbooks   |       |       |     2 |     3 ||     5
Evoke: Wand              |       |       |       |     4 ||     4
  Use: Scroll            |       |       |     8 |       ||     8
       Potion            |       |       |     1 |     1 ||     2
  Eat: Chunk             |     1 |     7 |    16 |    12 ||    36
       Fruit             |       |       |       |     4 ||     4
       Pizza             |       |       |       |     1 ||     1
